 Dungeon Crawl Stone Soup version 0.18-a0-1140-g8540535 (webtiles) character file.

472 namelastname112 the Poker (level 6, -5/53 HPs)
             Began as a Draconian Wanderer on Jan 21, 2016.
             Killed by divine providence
             ... invoked by an orc priest
              (11 damage)
             ... on level 4 of the Dungeon.
             The game lasted 00:04:41 (2930 turns).

namelastname112 the Poker (Draconian Wanderer)      Turns: 2930, Time: 00:04:42

Health: -5/53      AC:  6    Str: 12    XL:     6   Next: 83%
Magic:  6/6        EV: 13    Int: 13    God:
Gold:   137        SH:  0    Dex: 14    Spells: 0 memorised, 5 levels left

rFire  . . .     SeeInvis .     a - +2 spear
rCold  . . .     Gourm    .     (armour unavailable)
rNeg   . . .     Faith    .     (no shield)
rPois  .         Spirit   .     (helmet restricted)
rElec  .         Dismiss  .     (no cloak)
rCorr  .         Reflect  .     (no gloves)
SustAt .         Harm     .     (no boots)
MR     .....                    (no amulet)
Stlth  ++........               (no ring)
                                (no ring)

@: not resistant to hostile enchantments, unstealthy
A: unfitting armour, cold-blooded, AC +6
a: no special abilities


You were on level 4 of the Dungeon.
You were hungry.

You visited 1 branch of the dungeon, and saw 4 of its levels.

You collected 137 gold pieces.

Inventory:

Hand Weapons
 a - a +2 spear (weapon)
Scrolls
 i - 2 scrolls of identify {unknown}
 j - a scroll of magic mapping {unknown}
 k - 3 scrolls of remove curse
 m - a scroll of immolation {unknown}
Potions
 e - a potion of resistance {unknown}
 l - a potion of haste {unknown}
Comestibles
 c - 3 fruits
 d - a bread ration
 f - a royal jelly
 g - a meat ration
 h - a beef jerky


   Skills:
 + Level 4.3 Fighting
 * Level 6.0 Polearms
 + Level 2.8 Dodging
 - Level 1.0 Stealth
   Level 1.0 Shields
 - Level 2.0 Unarmed Combat
   Level 1.0 Evocations


You had 5 spell levels left.
You didn't know any spells.

Dungeon Overview and Level Annotations

Branches:
Dungeon (4/15)
 Temple: D:4-7

Altars:
Vehumet
Yredelemnul


Innate Abilities, Weirdness & Mutations

Your plain brown scales are hard (AC +6).
Your body does not fit into most forms of armour.
You are cold-blooded and may be slowed by cold attacks.


Message History

The orc wizard hits you with a dagger.
The orc priest mumbles some strange prayers to Beogh against you.
Something smites you!
* * * LOW HITPOINT WARNING * * *
The orc wizard gestures at you while chanting.
You are confused.
The orc wizard hits you with a dagger.
* * * LOW HITPOINT WARNING * * *
Drink which item? (? for menu, Esc to quit)
You feel better. The orc wizard barely misses you.
The orc priest hits you with a short sword.
The orc priest calls down the wrath of Beogh upon you.
Something smites you!
* * * LOW HITPOINT WARNING * * *
The orc wizard gestures wildly while chanting.
The orc wizard flickers and vanishes!
Deactivating autopickup; reactivate with Ctrl-A.
The orc priest invokes the aid of Beogh against you.
Something smites you!
You die...

.....(....# #.....#..........#
..........# #.....#..........#
..........# #.....#.....o....#
..........# #.....#..........#
..........+. +.....'..........#
..........#.. #..##.######.##..#
####+#....#..##..##'#########..#
.....'....#........{....)......#
.....#....#.....@.oo...........#
.#####....#####รท###...##...##..#
.##..#.......##..##...# ...# o.#
.....#.......#...#######...#


oo# .....#.......#...#.....#...# .....#.......#...'.....+...#
.##'##.......#####.....#.... ##.....................######
............................# You could see 2 orc priests.

Vanquished Creatures
  The ghost of derval the Poker, an amateur MfSk (D:3)
  A scorpion (D:4)
  A hound (D:4)
  2 orc wizards (D:3)
  A worker ant (D:4)
  A hound skeleton (D:3)
  4 adders
  A worm (D:3)
  2 giant geckos
  6 orcs
  5 bats
  3 giant cockroaches
  10 goblins
  6 hobgoblins
  4 jackals (D:3)
  7 kobolds
  3 quokkas
  4 giant newts
  5 rats
  A spectral orc (D:3)
68 creatures vanquished.

Vanquished Creatures (others)
  4 toadstools (D:1)
4 creatures vanquished.

Grand Total: 72 creatures vanquished

Notes
Turn   | Place    | Note
--------------------------------------------------------------
     0 | D:1      | namelastname112 the Draconian Wanderer began the quest for the Orb.
     0 | D:1      | namelastname112 set off with: a +2 spear, a potion of lignification, a potion of curing, a bread ration
     0 | D:1      | Reached XP level 1. HP: 17/17 MP: 1/1
   186 | D:1      | Reached XP level 2. HP: 16/25 MP: 2/2
   809 | D:2      | Reached XP level 3. HP: 9/30 MP: 3/3
  1164 | D:2      | Reached skill level 4 in Polearms
  1251 | D:2      | Reached skill level 1 in Dodging
  1512 | D:3      | Noticed derval's ghost (amateur MfSk)
  1749 | D:3      | Killed derval's ghost
  1749 | D:3      | Reached skill level 5 in Polearms
  1749 | D:3      | Reached XP level 4. HP: 40/40 MP: 4/4
  1749 | D:3      | Reached XP level 5. HP: 46/46 MP: 5/5
  1853 | D:3      | Found a basalt altar of Yredelemnul.
  1953 | D:3      | Reached XP level 6. HP: 23/52 MP: 6/6
  2276 | D:3      | Found a radiant altar of Vehumet.
  2683 | D:4      | Reached skill level 6 in Polearms
  2930 | D:4      | Killed from afar by an orc priest

Vault maps used:
D:1:      ldierk_water_garden
D:3:      yredelemnul_forgotten_temple_becter, old_standard_altar,
          minmay_misc_feat_five
D:4:      xom_teletrap_fun, lemuel_crystal_altar, minivault_11

Action                   |  1- 3 |  4- 6 || total
-------------------------+-------+-------++-------
Melee: Spear             |   122 |   126 ||   248
       Unarmed           |     7 |       ||     7
  Use: Potion            |     2 |     2 ||     4
       Scroll            |       |     3 ||     3
 Stab: Sleeping          |     3 |     2 ||     5
  Eat: Chunk             |     2 |     4 ||     6
